 Dungeon Crawl Stone Soup version 0.22.1-5-g62c59d9 (webtiles) character file.

119 Tr0llz0r the Chopper (level 4, -3/34 HPs)
             Began as a Demonspawn Gladiator on Jan 10, 2019.
             Shot with an arrow by a centaur (5 damage)
             ... on level 3 of the Dungeon on Jan 11, 2019.
             The game lasted 00:08:51 (1397 turns).

Tr0llz0r the Chopper (Demonspawn Gladiator)         Turns: 1397, Time: 00:08:52

Health: -3/34      AC: 10    Str: 16    XL:     4   Next: 73%
Magic:  4/4        EV: 13    Int:  9    God:
Gold:   74         SH:  0    Dex: 14    Spells: 3/3 levels left

rFire    . . .     SeeInvis .   a - +1 war axe
rCold    + . .     Gourm    .   (no shield)
rNeg     . . .     Faith    .   j - +0 scale mail (curse)
rPois    .         Spirit   .   c - +0 helmet
rElec    .         Reflect  .   p - +0 cloak
rCorr    .         Harm     .   (no gloves)
MR       .....                  (no boots)
Stlth    ..........             (no amulet)
HPRegen  0.11/turn              m - +2 ring of evasion
MPRegen  0.09/turn              (no ring)

@: no status effects
A: iridescent scales 1, cold resistance 1, spiny 1
a: no special abilities


You were on level 3 of the Dungeon.
You were not hungry.

You visited 1 branch of the dungeon, and saw 3 of its levels.

You collected 74 gold pieces.

Inventory:

Hand Weapons
 a - a +1 war axe (weapon)
Missiles
 d - 3 throwing nets (quivered)
 l - 2 stones
 n - 23 arrows
Armour
 b - a +0 scale mail
 c - a +0 helmet (worn)
 j - a cursed +0 scale mail (worn)
 p - a +0 cloak (worn)
Jewellery
 m - a +2 ring of evasion (left hand)
Scrolls
 g - a scroll of blinking
 k - 2 scrolls of magic mapping
 o - a scroll of immolation {unknown}
Potions
 h - a potion of mutation
 i - a potion of might
Comestibles
 f - 3 rations


   Skills:
 + Level 2.9 Fighting
 + Level 3.8 Axes
 + Level 1.7 Throwing
 + Level 0.8 Armour
 + Level 3.4 Dodging


You had 3 spell levels left.
You didn't know any spells.
Your spell library was empty.

Dungeon Overview and Level Annotations

Branches:
Dungeon (3/15)

Altars:
Ashenzari
Elyvilon
Nemelex Xobeh
Vehumet
The Shining One


Innate Abilities, Weirdness & Mutations

You are partially covered in iridescent scales. (AC +2)
Your flesh is cold resistant. (rC+)
You are partially covered in sharp spines.


Message History

2 arrows; a club; a ball python corpse The centaur shoots an arrow.
The arrow hits you.
* * * LOW HITPOINT WARNING * * *
The arrow freezes you.
* * * LOW HITPOINT WARNING * * *
The centaur shoots an arrow.
The arrow misses you.
You see here 4 arrows.
The centaur shoots an arrow.
The arrow hits you.
* * * LOW HITPOINT WARNING * * *
The arrow freezes you.
* * * LOW HITPOINT WARNING * * *
Found a radiant altar of Vehumet.
You see here an arrow.
You feel better.
The centaur shoots an arrow.
The arrow hits you!
* * * LOW HITPOINT WARNING * * *
The arrow freezes you.
* * * LOW HITPOINT WARNING * * *
The centaur shoots an arrow.
The arrow hits you.
You die...

......###
...._...####### #
..........#... #
............# ###### #
._..⌠.._...# #....# #
.......c...# #....# #
...........#####....####
...._..@((((..........##
...........(.(.###.##...
######.........##.....##
#.........##.....#.
#................#.
#.........#........
#######.####......[
#............)..
#.##....#......#


You could see a centaur.

Vanquished Creatures
  6 adders
  A worm (D:2)
  4 dart slugs
  2 leopard geckos (D:1)
  2 ball pythons
  A giant cockroach (D:3)
  7 goblins
  13 hobgoblins
  4 kobolds
  4 bats
  A frilled lizard (D:2)
  5 rats
50 creatures vanquished.

Notes
Turn   | Place    | Note
-------+----------+-------------------------------------------
     0 | D:1      | Tr0llz0r the Demonspawn Gladiator began the quest for the
                  | Orb.
     0 | D:1      | Reached XP level 1. HP: 16/16 MP: 1/1
    94 | D:1      | Gained mutation: You are partially covered in iridescent
                  | scales. (AC +2) [demonic ancestry]
    94 | D:1      | Reached XP level 2. HP: 9/22 MP: 2/2
   634 | D:1      | Gained mutation: Your flesh is cold resistant. (rC+)
                  | [demonic ancestry]
   634 | D:1      | Reached XP level 3. HP: 26/28 MP: 3/3
   986 | D:2      | Gained mutation: You are partially covered in sharp spines.
                  | [demonic ancestry]
   986 | D:2      | Reached XP level 4. HP: 30/34 MP: 4/4
  1194 | D:2      | Found a shattered altar of Ashenzari.
  1199 | D:2      | Saw a vision of the Shoals and the Spider Nest.
  1199 | D:2      | Noticed a wolf spider
  1199 | D:2      | Noticed a wolf spider
  1199 | D:2      | Noticed a wolf spider
  1199 | D:2      | Noticed a wolf spider
  1199 | D:2      | Noticed a hornet
  1199 | D:2      | Noticed a sea snake
  1199 | D:2      | Noticed a sea snake
  1199 | D:2      | Noticed a centaur
  1199 | D:2      | Noticed a hippogriff
  1199 | D:2      | Noticed a redback
  1202 | D:2      | Noticed a redback
  1381 | D:3      | Found a sparkling altar of Nemelex Xobeh.
  1384 | D:3      | Found a glowing golden altar of the Shining One.
  1384 | D:3      | Found a white marble altar of Elyvilon.
  1385 | D:3      | Noticed a centaur
  1395 | D:3      | Found a radiant altar of Vehumet.
  1397 | D:3      | Shot with an arrow by a centaur

Skill      XL: |  1  2 |
---------------+-------+-----
Dodging        | 3 |  3.4
Axes           | 3 |  3.8
Fighting       | |  2.9
Throwing       | |  1.7
Armour         | |  0.8

Action                   |  1- 3 |  4- 6 || total
-------------------------+-------+-------++-------
Melee: War axe           |    90 |    28 ||   118
  Use: Scroll            |     7 |     1 ||     8
       Potion            |     4 |     1 ||     5
  Eat: Ration            |       |     1 ||     1
       Chunk             |       |     1 ||     1
Armor: Leather armour    |     6 |       ||     6
       Scale mail        |    36 |    21 ||    57
Dodge: Dodged            |    74 |    26 ||   100
